 Dungeon Crawl Stone Soup version 0.20-a0-1018-ge435b50 (webtiles) character file.

120 Leonis the Shield-Bearer (level 5, -4/47 HPs)
             Began as a Hill Orc Fighter on Apr 17, 2017.
             Splashed by a jelly's acid (13 damage)
             ... on level 3 of the Dungeon.
             The game lasted 00:16:30 (2243 turns).

Leonis the Shield-Bearer (Hill Orc Fighter)         Turns: 2243, Time: 00:16:31

Health: -4/47      AC:  2    Str: 20    XL:     5   Next: 4%
Magic:  5/5        EV:  7    Int:  8    God:
Gold:   60         SH:  9    Dex: 10    Spells: 4/4 levels left

rFire    . . .     SeeInvis .   a - +0 war axe
rCold    . . .     Gourm    .   c - +0 shield
rNeg     . . .     Faith    .   b - +0 scale mail
rPois    .         Spirit   .   (no helmet)
rElec    .         Reflect  .   (no cloak)
rCorr    .         Harm     +   (no gloves)
MR       .....                  (no boots)
Stlth    ..........             e - amulet of harm
Regen    0.2/turn               (no ring)
MPRegen  0.1/turn               (no ring)

@: corroded, drained
A: no striking features
a: no special abilities


You were on level 3 of the Dungeon.
You were not hungry.

You visited 1 branch of the dungeon, and saw 3 of its levels.

You collected 60 gold pieces.

Inventory:

Hand Weapons
 a - a +0 war axe (weapon)
Armour
 b - a +0 scale mail (worn)
 c - a +0 shield (worn)
Jewellery
 e - an amulet of harm (around neck)
Scrolls
 h - a scroll of teleportation {unknown}
 i - a scroll of fog
 l - 2 scrolls of identify
 m - 2 scrolls of magic mapping
 n - 3 scrolls of fear
Potions
 d - 2 potions of might
 k - a potion of agility {unknown}
 o - a potion of resistance {unknown}
Comestibles
 f - 4 bread rations
 g - a chunk of flesh
 j - 2 meat rations


   Skills:
 * Level 4.5(3.6) Fighting
 + Level 3.3(2.4) Axes
 * Level 4.0(3.0) Armour
 + Level 0.4(0.0) Dodging
 * Level 4.6(3.6) Shields


You had 4 spell levels left.
You didn't know any spells.

Dungeon Overview and Level Annotations

Branches:
Dungeon (3/15)

Altars:
Ashenzari
Hepliaklqana
Okawaru


Message History

Terence is heavily wounded.
You block Terence's attack.
You slash Terence!
Terence is almost dead.
Terence hits you with a falchion.
* * * LOW HITPOINT WARNING * * *
Terence hits you but does no damage.
You barely miss Terence.
Terence is almost dead.
Terence screams, "I want your blood!" You block Terence's attack.
You slash Terence!
You kill Terence!
Your base Armour skill increases to level 4!
You have reached level 5!
You feel stronger. The jelly hits you.
* * * LOW HITPOINT WARNING * * *
The acid corrodes you!
You are splashed with acid!
The acid burns!
You die...

########### #.......†.#
#J#######.# #.# #.# #.#
#@# #.#######J##.#
#.##.........#
#.##.............
########.##.........#.##
#........J..........# #
#.######...........##
..######..##.....#...
#.........#.........##


You could see a jelly.

Vanquished Creatures
  Terence (D:3)
  2 adders
  An ooze (D:2)
  2 worms (D:2)
  4 dart slugs
  4 leopard geckos
  3 giant cockroaches
  4 goblins (D:1)
  9 hobgoblins
  2 jackals (D:2)
  A quokka (D:2)
  A ball python (D:2)
  7 bats
  2 frilled lizards
  5 kobolds
  8 rats
56 creatures vanquished.

Notes
Turn   | Place    | Note
-------+----------+-------------------------------------------
     0 | D:1      | Leonis the Hill Orc Fighter began the quest for the Orb.
     0 | D:1      | Reached XP level 1. HP: 19/19 MP: 1/1
   125 | D:1      | Reached XP level 2. HP: 25/27 MP: 2/2
   598 | D:1      | Reached XP level 3. HP: 33/33 MP: 3/3
  1425 | D:2      | Reached XP level 4. HP: 23/41 MP: 4/4
  1453 | D:2      | Found a faded altar of an unknown god.
  1594 | D:2      | Found a shattered altar of Ashenzari.
  1599 | D:2      | Found an iron altar of Okawaru.
  1631 | D:2      | Found an iron altar of Okawaru.
  1920 | D:2      | Found a hazy altar of Hepliaklqana.
  2094 | D:3      | Noticed Terence
  2100 | D:3      | HP: 1/41 [acid (8)]
  2243 | D:3      | Killed Terence
  2243 | D:3      | Reached XP level 5. HP: 11/47 MP: 5/5
  2243 | D:3      | Splashed by a jelly's acid

Vault maps used:
D:1:      matt_arrival_spirals, serial_bayou, serial_bayou_pond_e,
          serial_bayou_pond_a, serial_bayou_lagoon_b, serial_bayou_shore_b
D:2:      lemuel_coloured_pillars_altar, grunt_temple_overflow_open,
          chequers_ecumenical_altar_simple, minivault_23, serial_bayou_pond_d,
          minmay_misc_feat_plants, kennysheep_okawaru_gauntlet
D:3:      nicolae_overflow_crystal_walls, vehumet_crystals, uniq_terence

Skill      XL: |  1  2  3  4 |
---------------+-------------+-----
Fighting       | 4 |  4.5
Shields        | 4 |  4.6
Axes           | 3 |  3.3
Armour         | 4 |  4.0
Dodging        | |  0.4

Action                   |  1- 3 |  4- 6 || total
-------------------------+-------+-------++-------
Melee: War axe           |   245 |    71 ||   316
  Use: Scroll            |     4 |     1 ||     5
  Eat: Chunk             |     3 |     2 ||     5
Armor: Scale mail        |   142 |    46 ||   188
Dodge: Dodged            |    89 |    32 ||   121
Block: Shield            |   147 |    38 ||   185
